 Dungeon Crawl Stone Soup version 0.23-a0-639-ga9a3373 (webtiles) character file.

1238 Azzok the Geomancer (level 8, -2/62 HPs)
             Began as a Deep Dwarf Earth Elementalist on Dec 29, 2018.
             Was an Initiate of Makhleb.
             Slain by Pikel
             ... wielding a +1 whip of flaming
              (6 damage)
             ... on level 6 of the Dungeon.
             The game lasted 00:11:39 (7245 turns).

Azzok the Geomancer (Deep Dwarf Earth Elementalist) Turns: 7245, Time: 00:11:40

Health: -2/62      AC:  6    Str: 11    XL:     8   Next: 25%
Magic:  8/15       EV: 13    Int: 19    God:    Makhleb [......]
Gold:   297        SH:  0    Dex: 15    Spells: 3/16 levels left

rFire    . . .     SeeInvis .   v - +5 quarterstaff (chaos)
rCold    . . .     Gourm    .   (shield currently unavailable)
rNeg     . . .     Faith    .   A - +1 robe of Springtime {rElec}
rPois    .         Spirit   .   (no helmet)
rElec    +         Reflect  .   w - +1 cloak
rCorr    .         Harm     .   (no gloves)
MR       +....                  y - +0 pair of boots
Stlth    ++........             (no amulet)
HPRegen  0.00/turn              r - +2 ring of dexterity
MPRegen  0.14/turn              (no ring)

@: non-regenerating
A: damage resistance, heal wounds, sense surroundings 1, no regeneration
a: Heal Wounds, Renounce Religion


You were on level 6 of the Dungeon.
You worshipped Makhleb.
Makhleb was noncommittal.
You were not hungry.

You visited 2 branches of the dungeon, and saw 7 of its levels.

You collected 297 gold pieces.

Inventory:

Hand Weapons
 v - a +5 quarterstaff of chaos (weapon)
Missiles
 b - 243 stones (quivered)
Armour
 w - a +1 cloak (worn)
 y - a +0 pair of boots (worn)
 A - the +1 robe of Springtime (worn) {rElec}
   (You found it on level 5 of the Dungeon)

   It insulates you from electricity.
Jewellery
 r - a +2 ring of dexterity (left hand)
Wands
 q - a wand of scattershot (2)
 s - a wand of random effects (8)
Scrolls
 c - 2 scrolls of noise {unknown}
 g - a scroll of blinking {unknown}
 h - 2 scrolls of fog
 j - 2 scrolls of fear
 l - 3 scrolls of amnesia
 m - 3 scrolls of remove curse
 n - 3 scrolls of enchant armour
 p - a scroll of enchant weapon
 t - a scroll of magic mapping {unknown}
Potions
 a - 2 potions of brilliance
 e - a potion of flight
 f - 6 potions of curing
 i - a potion of resistance
 k - a potion of lignification {unknown}
 o - a potion of heal wounds {unknown}
 u - a potion of berserk rage
Comestibles
 d - 10 rations
 x - 4 chunks of flesh


   Skills:
 - Level 2.1 Dodging
 - Level 2.4 Stealth
 + Level 4.7 Spellcasting
 + Level 3.8 Conjurations
 - Level 0.8 Transmutations
 + Level 8.1 Earth Magic
 + Level 5.7 Evocations


You had 3 spell levels left.
You knew the following spells:

 Your Spells              Type           Power        Failure   Level  Hunger
a - Sandblast             Erth           #####.       1%          1    None
b - Stone Arrow           Conj/Erth      ####..       3%          3    ##.....
c - Lee's Rapid Deconstr  Erth           #####.....   13%         5    ######.
d - Petrify               Tmut/Erth      ###.....     21%         4    ####...

Your spell library contained the following spells:

 Spells                   Type           Power        Failure   Level  Hunger
 Passwall                 Tmut/Erth      ###.....     3%          2    #......


Dungeon Overview and Level Annotations

Branches:
Dungeon (6/15)             Temple (1/1) D:5

Altars:
Ashenzari
Cheibriados
Elyvilon
Fedhas
Kikubaaqudgha
Makhleb
Okawaru
Qazlal
Ru
Vehumet
Xom
Zin
The Shining One

Shops:
D:4 *

Annotations:
D:6 Pikel


Innate Abilities, Weirdness & Mutations

You are resistant to damage.
You can heal yourself by infusing magical energy.
You passively map a small area around you.
You do not regenerate.


Message History

Casting: Sandblast (safe; 1% risk of failure)
Confirm with . or Enter, or press ? or * to list all spells.
Aiming: Sandblast (safe; 1% risk of failure)
Press: ? - help, Shift-Dir - straight line, f/p - Pikel
Aim: Pikel, wielding a +1 whip of flaming and wearing a +0 robe (moderately The blast of sand hits Pikel.
Pikel is heavily wounded.
b - 244 stones Pikel says, "Wow, you'd add a bit of variety to my gang!"
Pikel misses you.
Casting: Sandblast (safe; 1% risk of failure)
Confirm with . or Enter, or press ? or * to list all spells.
Aiming: Sandblast (safe; 1% risk of failure)
Press: ? - help, Shift-Dir - straight line, f/p - Pikel
Aim: Pikel, wielding a +1 whip of flaming and wearing a +0 robe (heavily The blast of sand hits Pikel.
Pikel is almost dead.
b - 243 stones Pikel hits you with a +1 whip of flaming!
You die...

▒·········▒ ▒▒▒▒▒▒▒▒▒▒▒▒·▒▒▒▒
▒·▒▒·▒▒···▒▒▒▒·········▒·····▒
▒·░▒··▒······▒·▒▒▒▒▒▒▒·▒▒·▒▒·▒
▒ ▒▒·▒▒'▒▒▒·▒·▒·····▒·▒▒·▒▒·▒
··▒·▒ ▒·▒·▒·▒▒▒·▒·▒▒·▒▒·▒
░▒·▒·▒ ▒·▒·▒·▒ ▒·▒·▒▒·▒▒·▒
▒·▒▒▒▒·▒·▒▒▒·▒·▒·▒ ▒·▒·▒▒·▒▒·▒
╬············▒)▒·▒▒▒·▒·▒▒·▒▒·▒
▒·▒▒▒▒·▒·▒▒··▒·▒@▒▒··▒·▒▒·▒▒·▒
▒·▒▒▒▒·▒·▒▒··▒·▒K▒▒·▒▒····▒▒·▒
▒·········▒··▒·▒p▒▒··········▒
··········▒··▒·▒·▒▒▒▒▒▒▒▒▒▒▒▒▒
··········▒··▒·▒·· ◦ ◦
··········▒··▒·▒▒▒ ◦
·······▒··▒··▒·▒ ░ ░
·······▒··▒··▒·▒ ◦░
·······▒··▒··▒·▒▒▒▒▒


You could see Pikel and a slave.

Vanquished Creatures
  Menkaure (D:6)
  A black bear (D:6)
  A slave (D:6)
  2 ogres
  3 centaurs
  A scorpion (D:5)
  A centaur skeleton (D:6)
  5 orc wizards
  Crazy Yiuf (D:2)
  2 worker ants
  Natasha (twice) (D:2)
  A hound zombie (D:5)
  A hound skeleton (D:5)
  A worker ant zombie (D:6)
  10 adders
  2 oozes
  An adder skeleton (D:5)
  4 worms
  2 leopard geckos (D:3)
  18 orcs
  4 giant cockroaches
  9 goblins
  11 hobgoblins
  11 jackals
  10 bats
  5 frilled lizards
  A jackal skeleton (D:5)
  5 kobolds
  A leopard gecko zombie (D:6)
  7 rats
124 creatures vanquished.

Notes
Turn   | Place    | Note
-------+----------+-------------------------------------------
     0 | D:1      | Azzok the Deep Dwarf Earth Elementalist began the quest for
                  | the Orb.
     0 | D:1      | Reached XP level 1. HP: 15/15 MP: 3/3
   239 | D:1      | Reached XP level 2. HP: 19/22 MP: 1/5
  1105 | D:1      | Reached XP level 3. HP: 16/28 MP: 0/6
  1110 | D:1      | Learned a level 3 spell: Stone Arrow
  1230 | D:2      | Reached skill level 5 in Earth Magic
  1731 | D:2      | Reached XP level 4. HP: 17/36 MP: 0/8
  1985 | D:2      | Noticed Natasha
  1999 | D:2      | Killed Natasha
  2147 | D:2      | Found a runed door.
  2227 | D:2      | Noticed Crazy Yiuf
  2229 | D:2      | Killed Crazy Yiuf
  2229 | D:2      | Reached skill level 1 in Evocations
  2325 | D:2      | Noticed Natasha
  2328 | D:2      | Killed Natasha
  2328 | D:2      | Reached skill level 1 in Conjurations
  2328 | D:2      | Reached XP level 5. HP: 23/42 MP: 1/9
  2997 | D:3      | Reached skill level 6 in Earth Magic
  3756 | D:4      | Found Ucuph's General Store.
  3873 | D:4      | Noticed a centaur
  3908 | D:4      | Killed a centaur
  3908 | D:4      | Reached XP level 6. HP: 25/49 MP: 2/11
  3986 | D:4      | Found a blossoming altar of Fedhas.
  4697 | D:4      | Found a white marble altar of Elyvilon.
  4708 | D:4      | Reached XP level 7. HP: 27/55 MP: 3/12
  4998 | D:5      | Entered Level 5 of the Dungeon
  5007 | D:5      | Reached skill level 7 in Earth Magic
  5118 | D:5      | Found a staircase to the Ecumenical Temple.
  5129 | Temple   | Entered the Ecumenical Temple
  5220 | Temple   | Became a worshipper of Makhleb the Destroyer
  5274 | D:5      | Found a glowing golden altar of the Shining One.
  5656 | D:5      | Got a bloodstained robe
  5657 | D:5      | Identified the +1 robe of Springtime {rElec} (You found it
                  | on level 5 of the Dungeon)
  6508 | D:5      | Learned a level 5 spell: Lee's Rapid Deconstruction
  6513 | D:5      | Learned a level 4 spell: Petrify
  6608 | D:6      | Reached skill level 5 in Evocations
  6814 | D:6      | Reached XP level 8. HP: 28/62 MP: 4/14
  7012 | D:6      | Noticed Menkaure
  7014 | D:6      | Killed Menkaure
  7069 | D:6      | Reached skill level 8 in Earth Magic
  7238 | D:6      | Noticed Pikel
  7245 | D:6      | Slain by Pikel

Vault maps used:
D:1:      sevenhm_arrival_forest_fort_small_5
D:2:      minmay_3d_cube, uniq_crazy_yiuf_cottage, uniq_natasha
D:3:      kennysheep_the_goblin_king, serial_forest, infiniplex_forest_lined_2,
          infiniplex_forest_straight_5, infiniplex_forest_clump_diagonal,
          infiniplex_forest_clump_diagonal, infiniplex_forest_lined_1,
          infiniplex_forest_clump_large, infiniplex_forest_straight_4
D:4:      elyvilon_altar_3, serial_shops, shop, fedhas_bush_and_centaur_altar
D:5:      minmay_temple_entry_statues_fountains, first_ration,
          kennysheep_cross_bottleneck, tso_metal_star
D:6:      serial_shops, nicolae_shop_stone, uniq_pikel, uniq_menkaure
Temple:   minmay_crystal_snake_temple

Skill      XL: |  1  2  3  4  5  6  7  8 |
---------------+-------------------------+-----
Spellcasting   | 2 3 4 |  4.7
Earth Magic    | 5 6 7 8 |  8.1
Evocations     | 1 3 5 |  5.7
Conjurations   | 1 2 3 |  3.8
Dodging        | |  2.1
Stealth        | |  2.4
Transmutations | |  0.8

Action                   |  1- 3 |  4- 6 |  7- 9 || total
-------------------------+-------+-------+-------++-------
Melee: Dagger            |    17 |       |       ||    17
       Quarterstaff      |       |    34 |       ||    34
 Cast: Sandblast         |    35 |    16 |    22 ||    73
       Stone Arrow       |    10 |    54 |    44 ||   108
 Abil: Heal Wounds       |       |     2 |       ||     2
  Use: Scroll            |       |    11 |     5 ||    16
       Potion            |       |       |     1 ||     1
  Eat: Chunk             |     4 |    14 |     9 ||    27
       Ration            |       |       |     1 ||     1
Armor: Robe              |     8 |     5 |     3 ||    16
Dodge: Dodged            |    34 |    21 |     8 ||    63

Table legend:
 A = Non-vault XP
 B = Vault XP
 C = Vault XP percentage of total XP
 D = Non-vault monster count
 E = Vault monster count
 F = Vault count percentage of total count
                 A         B        C        D         E       F
            +---------+---------+-------+---------+---------+-------
      Total |    1380 |     389 |  22.0 |     107 |      16 |  13.0
            +---------+---------+-------+---------+---------+-------
        D:1 |      44 |       0 |   0.0 |      16 |       0 |   0.0
        D:2 |      78 |      92 |  54.1 |      19 |       7 |  26.9
        D:3 |     132 |      14 |   9.6 |      29 |       7 |  19.4
        D:4 |     343 |     108 |  23.9 |      18 |       1 |   5.3
        D:5 |     206 |       0 |   0.0 |      13 |       0 |   0.0
        D:6 |     577 |     175 |  23.3 |      12 |       1 |   7.7
            +---------+---------+-------+---------+---------+-------
